AoeStats
← |GaoeG| flamingo

Enclosed

503799099Analyzed
1v1 RM · 29d ago on Sep 2, 2026· 45m 43s· 2 players
Game mode
Random Map
Map size
Tiny (2 player)
Population
200
Speed
Normal
Resources
Standard
Victory
Conquest
Starting age
Dark Age
Ending age
Imperial Age
RankedLock teamsTeams togetherTeam positionsShared explorationLock speedFull tech treeHidden civsTurbo modeCheats
Victory
Defeat
🇬🇧 Shu · United Kingdom
1309
+18
🇪🇸 Portuguese · Spain
1361
-18
Fomersode
10:31 Feudal Age
9:27 Loom
11:33 Double-Bit Axe
15:48 Castle Age
15:33 Horse Collar
22:47 Forging
25:24 Pikeman
25:43 Crossbowman
26:51 Gold Mining
28:05 Stone Mining
30:07 Fletching
30:17 Padded Archer Armor
31:41 Gold Shaft Mining
35:39 Bodkin Arrow
36:00 Leather Archer Armor
39:40 Imperial Age
38:10 Wheelbarrow
38:14 Scale Barding Armor
38:11 Scale Mail Armor
41:25 Conscription
41:54 Squires
42:23 Hand Cart
42:52 Chain Mail Armor
43:38 Arbalester
|GaoeG| flamingo
5:58 Loom
8:48 Feudal Age
9:31 Double-Bit Axe
9:29 Horse Collar
15:32 Forging
22:00 Castle Age
21:22 Bloodlines
21:22 Scale Barding Armor
22:45 Husbandry
24:32 Wheelbarrow
24:54 Town Watch
26:29 Fletching
28:31 Bow Saw
31:28 Chain Barding Armor
31:21 Crossbowman
32:26 Heavy Plow
37:29 Hand Cart
37:40 Gold Mining
40:57 Bodkin Arrow
41:04 Padded Archer Armor
43:11 Leather Archer Armor
45:41 Imperial Age
44:07 Thumb Ring
45:51 Ballistics
Connection lost

Rejoining the realm…

Still unreachable

The connection could not be restored.

Session expired

The server has moved on; the page needs a fresh start.